 Dungeon Crawl Stone Soup version 0.18.1-1-g2f07953 (webtiles) character file.

134610 imoen the Severer (level 16, -7/158 HPs)
             Began as a Deep Dwarf Berserker on May 6, 2016.
             Was a Believer of Trog.
             Killed from afar by a merfolk aquamancer (30 damage)
             ... with a ball of steam
             ... on level 4 of the Shoals.
             The game lasted 03:42:07 (11008 turns).

imoen the Severer (Deep Dwarf Berserker)           Turns: 11008, Time: 03:42:08

Health: -7/158     AC: 24    Str: 24    XL:     16   Next: 32%
Magic:  20/21      EV: 17    Int: 14    God:    Trog [**....]
Gold:   1162       SH:  0    Dex: 19    Spells: 0 memorised, 15 levels left

rFire  x . .     SeeInvis .     n - +0 battleaxe (freeze)
rCold  + . .     Gourm    .     h - +0 ice dragon armour
rNeg   + . .     Faith    .     (shield currently unavailable)
rPois  +         Spirit   .     j - +0 helmet
rElec  .         Dismiss  .     M - +0 cloak {+Inv}
rCorr  .         Reflect  .     G - +2 pair of gloves
SustAt .         Harm     .     B - +2 pair of boots
MR     ++...                    (no amulet)
Stlth  ..........               a - ring "Umegyduf" {+Blink rPois rC- MP+9 Dex+6}
                                g - ring of Erocwueq {AC+3 Str+5 Int+3 Dex-5}

@: very slightly contaminated, non-regenerating, invisible, very resistant to
hostile enchantments, extremely unstealthy
A: damage resistance, recharge devices, talons 1, rugged brown scales 1, agile
1, deformed body, negative energy resistance 1, sense surroundings 2, slow
regeneration 3, weak 1
a: Device Recharging, Berserk, Trog's Hand, Burn Spellbooks, Renounce Religion,
Evoke Blink, Turn Visible
}: 1/15 runes: gossamer


You were on level 4 of the Shoals.
You worshipped Trog.
Trog was pleased with you.
You were hungry.

You visited 4 branches of the dungeon, and saw 24 of its levels.
You also visited: Labyrinth and Ice Cave.

You collected 1162 gold pieces.

Inventory:

Hand Weapons
 e - a +1 executioner's axe of holy wrath
   (You acquired it in a labyrinth)
 n - a +0 battleaxe of freezing (weapon)
   (You found it in an ice cave)
 D - the +8 whip of the Pill Bug {antimagic, rPois Dex+4}
   (You found it on level 6 of the Dungeon)

   It disrupts the flow of magical energy around spellcasters and certain
   magical creatures (including the wielder).
   It affects your dexterity (+4).
   It protects you from poison.
 R - a +5 blowgun
   (You found it on level 4 of the Shoals)
Missiles
 s - 3 throwing nets
 O - 5 curare-tipped needles
 V - 17 javelins (quivered)
Armour
 h - a +0 ice dragon armour (worn)
   (You found it on level 7 of the Lair of Beasts)
 j - a +0 helmet (worn)
   (You found it on level 1 of the Spider Nest)
 m - a +2 cloak of poison resistance
   (You acquired it on level 8 of the Lair of Beasts)
 B - a +2 pair of boots (worn)
   (You found it on level 6 of the Dungeon)
 F - the +0 pair of boots of the Manifold Demons {rPois rN+}
   (You acquired it on level 4 of the Shoals)

   It protects you from poison.
   It protects you from negative energy.
 G - a +2 pair of gloves (worn)
   (You found it on level 7 of the Dungeon)
 M - a +0 cloak of invisibility (worn)
   (You acquired it on level 4 of the Shoals)
Jewellery
 a - the ring "Umegyduf" (right hand) {+Blink rPois rC- MP+9 Dex+6}
   (You found it in a labyrinth)

   [ring of magical power]

   It affects your dexterity (+6).
   It makes you vulnerable to cold.
   It protects you from poison.
   It affects your magic capacity (+9).
   It lets you blink.
 g - the ring of Erocwueq (left hand) {AC+3 Str+5 Int+3 Dex-5}
   (You found it in an ice cave)

   [ring of protection]

   It affects your AC (+3).
   It affects your strength (+5).
   It affects your intelligence (+3).
   It affects your dexterity (-5).
 I - an uncursed ring of fire
   (You found it on level 7 of the Dungeon)
Wands
 c - a wand of heal wounds (7/9)
 i - a wand of paralysis (11/24)
   (You found it in a labyrinth)
 q - a wand of slowing (19/48)
   (You found it on level 4 of the Shoals)
 x - a wand of enslavement (15/24)
   (You found it on level 1 of the Shoals)
 K - a wand of digging (9/24)
   (You found it on level 7 of the Dungeon)
 N - a wand of polymorph (13/24)
   (You found it on level 4 of the Spider Nest)
Scrolls
 f - 4 scrolls of enchant weapon
 k - 5 scrolls of magic mapping
 l - a scroll of holy word {unknown}
 v - 3 scrolls of blinking
 w - 8 scrolls of remove curse
 E - 4 scrolls of teleportation
 J - a scroll of torment {unknown}
 L - 2 scrolls of immolation
 Q - 2 scrolls of vulnerability
 Y - a scroll of random uselessness {unknown}
Potions
 p - 5 potions of ambrosia
 t - a potion of invisibility
 A - a potion of lignification
 P - 3 potions of brilliance
 S - a potion of might
 U - 3 potions of agility
 W - a potion of resistance
 Z - a potion of beneficial mutation
Miscellaneous
 d - a legendary deck of summoning
   (You found it on level 3 of the Spider Nest)
 u - a sack of spiders {used: 7}
   (You found it on level 5 of the Lair of Beasts)
 C - a box of beasts {used: 1}
   (You found it on level 4 of the Spider Nest)
 T - a legendary deck of defence {drawn: 1}
   (You found it on level 1 of the Lair of Beasts)
Comestibles
 b - 5 chunks of flesh
 o - 6 meat rations
 r - 13 fruits
 X - 2 beef jerkies


   Skills:
 + Level 12.6 Fighting
 - Level 20.3 Axes
 - Level 13.5 Armour
 - Level 9.0 Dodging
 - Level 13.0 Evocations


You had 15 spell levels left.
You didn't know any spells.

Dungeon Overview and Level Annotations

Branches:
Dungeon (8/15)             Temple (0/1) D:4            Lair (8/8) D:8
 Shoals (4/4) Lair:5       Spider (4/4) Lair:4        Slime (0/6) Lair:6

Altars:
Ashenzari
Dithmenos
Kikubaaqudgha
Makhleb
Nemelex Xobeh
Okawaru
Pakellas
Qazlal
Xom

Shops:
D:4 =

Annotations:
Lair:2 exclusion: electric eel
Lair:4 Rupert
Shoals:4 Roxanne


Innate Abilities, Weirdness & Mutations

You are resistant to damage.
You can recharge devices by infusing magical energy.
You resist negative energy.
You passively map the area around you.
You do not regenerate naturally.
You have sharp toenails.
You are partially covered in rugged brown scales (AC +1, +3% HP).
You are agile. (Dex +2)
Armour fits poorly on your strangely shaped body.
You are weak. (Str -2)


Message History

The merfolk impaler hits you but does no damage.
You hit the merfolk impaler. You freeze the merfolk impaler.
The merfolk aquamancer casts a spell.
The merfolk aquamancer blinks!
The merfolk impaler hits you but does no damage.
Your ice dragon armour prevents you from hitting the merfolk impaler.
The merfolk impaler barely misses you.
You hit the merfolk impaler. You freeze the merfolk impaler.
The merfolk impaler closely misses you.
The merfolk aquamancer gestures wildly while chanting.
The merfolk aquamancer blinks!
You slash the merfolk! You freeze the merfolk.
You barely miss the merfolk impaler. The merfolk misses you.
The merfolk impaler hits you but does no damage.
You closely miss the merfolk. You slash the merfolk impaler!
You freeze the merfolk impaler.
The merfolk impaler completely misses you.
The merfolk hits you with a trident.
Your ice dragon armour prevents you from hitting the merfolk.
You miss the merfolk impaler.
The merfolk impaler hits you with a trident of freezing.
You closely miss the merfolk. You slash the merfolk impaler!
You freeze the merfolk impaler.
You kill the merfolk impaler!
Trog accepts your kill.
The merfolk aquamancer mumbles some strange words.
The merfolk aquamancer blinks!
The merfolk misses you.
You hit the merfolk but do no damage.
A merfolk javelineer comes into view. It is wielding an antimagic spear.
You closely miss the merfolk.
The merfolk javelineer shouts!
The merfolk hits you with a trident.
* * * LOW HITPOINT WARNING * * *
The merfolk javelineer throws a javelin.
The javelin hits you!
* * * LOW HITPOINT WARNING * * *
You take 11 damage, and have 63/158 hp.
Unknown command.
You fade into invisibility!
You are feeling hungry.
The merfolk javelineer throws a javelin.
The javelin closely misses you. The merfolk hits you with a trident.
* * * LOW HITPOINT WARNING * * *
The merfolk aquamancer points at you and mumbles some strange words.
The great wave of water hits you!
* * * LOW HITPOINT WARNING * * *
The wave splashes down.
Splash!
You fall into the shallow water.
Moving in this stuff is going to be slow. ...and don't expect to remain undetected.
You hear a shout! x2; You hear a screech!
You hear a shout! x2
You hear an angry hiss. x2; You hear a shout!
You take 11 damage, and have 52/158 hp.
You now have 19/21 mp.
Unknown command.
You catch the helpless merfolk completely off-guard!
You slice the merfolk!! You freeze the merfolk.
The merfolk javelineer throws a javelin.
The javelin hits you but does no damage.
You hear a splash.
The merfolk closely misses you.
A harpy comes into view.
You hit the merfolk. You freeze the merfolk.
The harpy screeches!
The merfolk javelineer throws a javelin.
The javelin hits you.
* * * LOW HITPOINT WARNING * * *
You hear a splash.
You take 5 damage, and have 47/158 hp.
You strike the helpless merfolk from behind!
You hit the merfolk. You freeze the merfolk.
The harpy screeches!
The merfolk aquamancer casts a spell at you.
The great wave of water hits you!
* * * LOW HITPOINT WARNING * * *
Splash!
The wave splashes down.
You hear an angry hiss.
You take 18 damage, and have 29/158 hp.
You feel much better.
This wand has 7 charges left.
The harpy screeches!
The merfolk misses you.
The merfolk javelineer throws a javelin.
The javelin completely misses you.
You hear a splash.
You regained 23 hp, and now have 52/158 hp.
You slash the merfolk! You freeze the merfolk.
You kill the merfolk!
Trog accepts your kill.
The harpy screeches!
The merfolk aquamancer gestures at you while chanting.
The ball of steam hits you! The steam scalds you terribly!
* * * LOW HITPOINT WARNING * * *
You take 29 damage, and have 23/158 hp.
Unknown command.
The merfolk javelineer throws a javelin.
You hear a splash.
The merfolk aquamancer gestures at you while chanting.
The ball of steam hits you! The steam scalds you terribly!
You die...

.........≈≈≈≈≈≈≈≈≈≈≈...... ,
≈.......≈≈≈≈≈≈m≈≈≈.......#*..≈≈≈
≈.≈....".≈≈≈≈≈≈≈.........# ..≈≈≈
..........≈≈≈≈≈..m.......##..≈≈≈
.........≈≈≈≈≈≈..§.........(≈≈≈≈,
.........≈≈≈≈≈≈..§.##≈ ..≈≈≈≈
...≈.....≈≈≈≈≈≈.§§)###*###..≈≈≈
......≈≈≈≈≈≈≈≈≈.§E#((###≈.#*≈ ,
....≈≈≈≈≈≈≈≈≈≈≈.@##((.≈(.(#≈
≈≈≈≈≈≈≈≈≈≈≈≈≈≈≈≈.###(.≈#.(# , ,
≈≈≈≈≈≈≈≈≈≈≈≈≈≈≈≈≈# #≈..≈§##
≈≈≈≈≈≈≈≈≈≈≈≈≈≈≈≈≈###.#≈m≈§#
≈≈≈≈≈≈≈≈≈≈≈≈≈≈≈≈≈##..≈≈§m≈# .
≈≈≈≈≈≈≈≈≈≈≈≈≈H≈≈≈###..≈≈≈≈##.≈,,
≈≈≈≈≈≈≈≈≈≈≈≈≈≈≈≈≈..#######m≈≈≈≈≈.
≈≈≈≈≈≈≈≈≈≈≈≈≈≈≈≈...≈##≈#.≈m≈≈≈≈≈≈
≈≈≈≈≈≈≈≈ ≈≈≈≈≈≈m≈...)H≈...≈≈≈≈≈≈≈


You could see a merfolk javelineer, a water elemental (wandering) and a harpy.

Vanquished Creatures
  3 ghost moths (Spider:4)
  Aizul (Shoals:1)
  6 emperor scorpions
  A merfolk javelineer (Shoals:3)
  10 merfolk impalers
  Snorg (Lair:2)
  A minotaur (Lab)
  An entropy weaver (Spider:4)
  A merfolk avatar (Shoals:3)
  An ice dragon (Lair:7)
  Erica (Lair:2)
  8 hydras
  2 satyrs (Shoals:4)
  A queen ant (Lair:7)
  An alligator snapping turtle (Shoals:4)
  3 catoblepae (Lair:8)
  2 merfolk aquamancers (Shoals:4)
  22 death yaks (Lair:8)
  Urug (Lair:3)
  A fire crab (Lair:8)
  10 sea snakes
  Pikel (D:8)
  4 harpies (Shoals:4)
  9 wolf spiders
  2 hornets (Spider:4)
  2 cyclopes (Shoals:4)
  A manticore (Lair:5)
  4 orb spiders
  4 fauns (Shoals:4)
  A moth of wrath (Spider:4)
  5 griffons
  4 elephants (Lair:3)
  6 black mambas
  3 water nymphs
  4 sirens
  A torpor snail (Spider:1)
  2 ice statues (IceCv)
  6 demonic crawlers
  7 rime drakes
  12 spiny frogs
  8 komodo dragons
  11 ice devils (IceCv)
  12 jumping spiders
  10 merfolk
  2 wind drakes
  3 polar bears (Lair:7)
  17 blink frogs
  A snapping turtle (Shoals:4)
  33 redbacks
  16 tarantellas
  A spriggan (Lair:4)
  A water elemental (Shoals:4)
  3 wyverns (Lair:5)
  7 basilisks
  28 yaks
  13 hippogriffs
  2 steam dragons
  8 soldier ants
  13 water moccasins
  14 porcupines
  3 orc warriors
  A slave (D:8)
  A black bear (D:7)
  A sky beast (D:8)
  2 wasps (Spider:4)
  14 wolves
  7 crocodiles
  A centaur (D:6)
  A big kobold (D:7)
  18 giant frogs
  2 scorpions
  A troll skeleton (Lab)
  A spriggan skeleton (Lab)
  3 howler monkeys
  A giant frog zombie (D:8)
  2 crimson imps (D:7)
  5 orc priests
  4 orc wizards
  17 jellies
  A giant frog skeleton (D:8)
  A gnoll shaman (D:6)
  4 iguanas
  21 worker ants
  25 sheep
  A killer bee zombie (D:7)
  2 ogre skeletons (Lab)
  2 hound skeletons
  9 gnolls
  42 river rats
  3 adders
  A shadow imp (D:6)
  7 white imps (IceCv)
  6 ufetubi (IceCv)
  An ooze (Lair:6)
  An adder zombie (D:8)
  A worm (D:5)
  2 dart slugs
  2 giant geckos
  21 orcs
  3 giant cockroaches (D:8)
  3 goblins
  2 hobgoblins (D:1)
  4 jackals (D:5)
  3 quokkas
  A bat (D:1)
  5 giant newts
  2 kobolds (D:7)
  3 rats
  5 fungi
  7 plants
635 creatures vanquished.

Vanquished Creatures (collateral kills)
  A catoblepas (Lair:5)
  A faun (Shoals:4)
  A spiny frog (Lair:5)
  A demonic crawler (Spider:4)
  A polar bear (Lair:5)
  A jumping spider (Spider:4)
  A blink frog (Lair:5)
  A redback (Spider:4)
  5 yaks (Lair:5)
  A porcupine (Lair:5)
  A fungus (Lair:5)
15 creatures vanquished.

Vanquished Creatures (others)
  A slave (D:8)
  A sheep (D:8)
  A white imp (IceCv)
  3 ufetubi (IceCv)
  3 bushes (Lair:8)
  29 fungi
  7 plants
45 creatures vanquished.

Grand Total: 695 creatures vanquished

Notes
Turn   | Place    | Note
--------------------------------------------------------------
     0 | D:1      | imoen the Deep Dwarf Berserker began the quest for the Orb.
     0 | D:1      | Reached XP level 1. HP: 20/20 MP: 1/1
    72 | D:1      | Reached skill level 3 in Fighting
    94 | D:1      | Reached XP level 2. HP: 28/28 MP: 2/2
   236 | D:3      | Reached XP level 3. HP: 24/34 MP: 3/3
   241 | D:3      | Reached skill level 3 in Armour
   288 | D:3      | Reached skill level 4 in Axes
   288 | D:3      | Reached XP level 4. HP: 42/42 MP: 4/4
   289 | D:3      | Reached skill level 3 in Dodging
   299 | D:3      | Reached XP level 5. HP: 44/50 MP: 5/5
   424 | D:4      | Reached ** piety under Trog
   458 | D:4      | Found an iron altar of Okawaru.
   458 | D:4      | Found a burning altar of Makhleb.
   513 | D:4      | Found a staircase to the Ecumenical Temple.
   538 | D:4      | Found an oddly glowing altar of Pakellas.
   609 | D:5      | Entered Level 5 of the Dungeon
   636 | D:5      | Reached skill level 4 in Fighting
   648 | D:5      | Noticed an ogre
   665 | D:5      | HP: 10/50 [something/puff of flame (6)]
   683 | D:4      | Found Ciutom's Jewellery Emporium.
   752 | D:5      | Reached skill level 5 in Axes
   752 | D:5      | Reached XP level 6. HP: 57/57 MP: 6/6
  1070 | D:6      | Reached skill level 6 in Axes
  1308 | D:6      | Reached XP level 7. HP: 34/64 MP: 7/7
  1421 | D:6      | Reached skill level 7 in Axes
  1485 | D:6      | Found a stormy altar of Qazlal.
  1535 | D:6      | Got a dazzling whip
  1540 | D:6      | Identified the +8 whip of the Pill Bug {antimagic, rPois Dex+4} (You found it on level 6 of the Dungeon)
  1568 | D:7      | HP: 16/64 [orc priest/divine providence (8)]
  1570 | D:7      | Reached skill level 8 in Axes
  1580 | D:7      | Noticed a steam dragon
  1592 | D:7      | Killed a steam dragon
  1598 | D:7      | HP: 16/64 [acid (7)]
  1688 | D:7      | Reached skill level 9 in Axes
  1697 | D:7      | Reached XP level 8. HP: 26/72 MP: 8/8
  1808 | D:7      | Found an ancient bone altar of Kikubaaqudgha.
  1855 | D:7      | Reached skill level 10 in Axes
  1899 | D:7      | Reached *** piety under Trog
  2000 | D:8      | Reached skill level 11 in Axes
  2063 | D:8      | HP: 9/72 [porcupine's spines (11)]
  2070 | D:8      | HP: 13/108 [something (4)]
  2076 | D:8      | HP: 8/108 [porcupine's spines (8)]
  2086 | D:8      | HP: 14/72 [river rat (1)]
  2090 | D:8      | Gained mutation: Armour fits poorly on your strangely shaped body. [mutagenic meat]
  2091 | D:8      | Gained mutation: You are weak. (Str -2) [mutagenic meat]
  2092 | D:8      | Gained mutation: You are partially covered in rugged brown scales (AC +1, +3% HP). [mutagenic meat]
  2168 | D:8      | Found a sparkling altar of Nemelex Xobeh.
  2173 | D:8      | Found a shadowy altar of Dithmenos.
  2176 | D:8      | Found a shattered altar of Ashenzari.
  2179 | D:8      | Found a shimmering altar of Xom.
  2274 | D:8      | Noticed Pikel
  2287 | D:8      | Killed Pikel
  2287 | D:8      | Reached skill level 12 in Axes
  2287 | D:8      | Gained mutation: You passively map the area around you. [Deep Dwarf growth]
  2287 | D:8      | Reached XP level 9. HP: 80/80 MP: 8/8
  2364 | D:8      | Reached skill level 13 in Axes
  2386 | D:8      | Found a staircase to the Lair.
  2418 | Lair:1   | Entered Level 1 of the Lair of Beasts
  2418 | Lair:1   | Noticed a komodo dragon
  2425 | Lair:1   | HP: 21/120 [komodo dragon (23)]
  2427 | Lair:1   | HP: 3/120 [komodo dragon (19)]
  2428 | Lair:1   | Killed a komodo dragon
  2488 | Lair:1   | Noticed a black mamba
  2498 | Lair:1   | Killed a black mamba
  2498 | Lair:1   | Reached skill level 14 in Axes
  2658 | Lair:1   | Reached skill level 1 in Evocations
  2669 | Lair:1   | Reached skill level 2 in Evocations
  2669 | Lair:1   | Reached XP level 10. HP: 78/88 MP: 10/10
  2690 | Lair:1   | Noticed a spiny frog
  2701 | Lair:1   | Killed a spiny frog
  2701 | Lair:1   | Reached skill level 4 in Evocations
  2755 | Lair:1   | Noticed a six-headed hydra
  2776 | Lair:1   | Upgraded the game from 0.18.0-2-g198d6d4 to 0.18.1-1-g2f07953
  2796 | Lair:1   | Reached skill level 5 in Evocations
  2821 | Lair:1   | Reached skill level 6 in Evocations
  2844 | Lair:1   | Noticed a spiny frog
  2849 | Lair:1   | Killed a six-headed hydra
  2849 | Lair:1   | Reached skill level 8 in Evocations
  2852 | Lair:1   | Killed a spiny frog
  2971 | Lair:1   | Reached skill level 9 in Evocations
  3018 | Lair:2   | Reached skill level 5 in Fighting
  3036 | Lair:2   | HP: 19/90 [porcupine (4)]
  3055 | Lair:2   | Noticed a black mamba
  3066 | Lair:2   | Killed a black mamba
  3088 | Lair:2   | Reached skill level 6 in Fighting
  3153 | Lair:2   | Noticed Erica
  3177 | Lair:2   | Killed Erica
  3226 | Lair:2   | Reached skill level 7 in Fighting
  3226 | Lair:2   | Reached XP level 11. HP: 52/103 MP: 16/16
  3380 | Lair:3   | Noticed Snorg
  3380 | Lair:3   | Noticed Urug
  3391 | Lair:2   | HP: 32/154 [Snorg (11)]
  3393 | Lair:2   | Killed Snorg
  3393 | Lair:2   | Reached skill level 8 in Fighting
  3439 | Lair:3   | Killed Urug
  3481 | Lair:3   | Reached skill level 9 in Fighting
  3592 | Lair:3   | Reached skill level 10 in Fighting
  3668 | Lair:3   | Noticed a seven-headed hydra
  3702 | Lair:3   | Killed a seven-headed hydra
  3702 | Lair:3   | Reached skill level 11 in Fighting
  3858 | Lair:3   | Reached XP level 12. HP: 105/123 MP: 17/17
  3868 | Lair:3   | Reached **** piety under Trog
  3991 | Lair:4   | Found a labyrinth entrance.
  4005 | Lab      | Entered a labyrinth
  4066 | Lab      | Identified a scroll of acquirement
  4141 | Lab      | Noticed a minotaur
  4152 | Lab      | Killed a minotaur
  4158 | Lab      | Got a bound lead ring
  4165 | Lair:4   | Identified the ring "Umegyduf" {+Blink rPois rC- MP+9 Dex+6} (You found it in a labyrinth)
  4196 | Lair:4   | Reached skill level 12 in Fighting
  4309 | Lair:4   | Reached skill level 4 in Armour
  4356 | Lair:4   | Noticed Rupert
  4390 | Lair:4   | Reached skill level 5 in Armour
  4539 | Lair:4   | Found a hole to the Spider Nest.
  4581 | Lair:5   | Reached skill level 6 in Armour
  4611 | Lair:5   | Reached skill level 7 in Armour
  4621 | Lair:5   | HP: 24/125 [spiny frog (13)]
  4679 | Lair:6   | Noticed a six-headed hydra
  4690 | Lair:5   | Reached skill level 8 in Armour
  4855 | Lair:5   | Reached skill level 9 in Armour
  4907 | Lair:5   | Noticed a five-headed hydra
  4920 | Lair:5   | Killed a five-headed hydra
  5022 | Lair:5   | Noticed a catoblepas
  5049 | Lair:5   | Killed a catoblepas
  5049 | Lair:5   | Reached skill level 10 in Armour
  5160 | Lair:6   | Killed a six-headed hydra
  5259 | Lair:6   | Reached XP level 13. HP: 52/132 MP: 14/14
  5262 | Lair:6   | Reached skill level 11 in Armour
  5611 | Lair:6   | Found a staircase to the Slime Pits.
  5950 | Lair:7   | Reached skill level 12 in Armour
  6206 | Lair:7   | Reached skill level 13 in Armour
  6268 | Lair:7   | Found a frozen archway.
  6344 | IceCv    | Entered an ice cave
  6639 | IceCv    | Got a heavily runed granite ring
  6643 | IceCv    | Identified the ring of Erocwueq {AC+3 Str+5 Int+3 Dex-5} (You found it in an ice cave)
  6766 | Lair:8   | Entered Level 8 of the Lair of Beasts
  6777 | Lair:8   | Reached skill level 15 in Axes
  7035 | Lair:8   | Gained mutation: You resist negative energy. [Deep Dwarf growth]
  7035 | Lair:8   | Reached XP level 14. HP: 90/142 MP: 15/15
  7057 | Lair:8   | Reached skill level 16 in Axes
  7098 | Lair:8   | Gained mutation: You are agile. (Dex +2) [potion of mutation]
  7098 | Lair:8   | Gained mutation: You have sharp toenails. [potion of mutation]
  7456 | Lair:8   | Reached skill level 17 in Axes
  7653 | Lair:8   | Reached skill level 18 in Axes
  7998 | Spider:1 | Entered Level 1 of the Spider Nest
  8110 | Spider:1 | Noticed an emperor scorpion
  8125 | Spider:1 | Killed an emperor scorpion
  8176 | Spider:1 | HP: 35/142 [poisoned by a redback]
  8425 | Spider:3 | Reached skill level 19 in Axes
  8491 | Spider:4 | Entered Level 4 of the Spider Nest
  8491 | Spider:4 | Noticed an emperor scorpion
  8515 | Spider:4 | Reached XP level 15. HP: 127/148 MP: 14/14
  8749 | Spider:4 | Killed a ghost moth
  8756 | Spider:4 | Reached ***** piety under Trog
  8839 | Spider:4 | Killed a ghost moth
  8882 | Spider:4 | Reached skill level 20 in Axes
  9133 | Spider:4 | Killed a ghost moth
  9133 | Spider:4 | Reached skill level 10 in Evocations
  9259 | Spider:4 | Reached skill level 11 in Evocations
  9314 | Spider:4 | Got a gossamer rune of Zot
  9438 | Lair:5   | Found a staircase to the Shoals.
  9445 | Shoals:1 | Entered Level 1 of the Shoals
  9569 | Shoals:1 | Noticed Aizul
  9590 | Shoals:1 | Killed Aizul
  9590 | Shoals:1 | Reached skill level 12 in Evocations
  9790 | Shoals:3 | Reached skill level 13 in Evocations
  9845 | Shoals:3 | Reached skill level 4 in Dodging
  9919 | Shoals:4 | Entered Level 4 of the Shoals
 10054 | Shoals:4 | Reached skill level 5 in Dodging
 10134 | Shoals:4 | Reached skill level 6 in Dodging
 10155 | Shoals:4 | Reached XP level 16. HP: 120/156 MP: 15/15
 10225 | Shoals:4 | Got a pair of ancient boots
 10230 | Shoals:4 | Noticed Roxanne
 10271 | Shoals:4 | Reached skill level 7 in Dodging
 10404 | Shoals:4 | HP: 38/156 [poisoned by a merfolk impaler]
 10406 | Shoals:4 | HP: 15/156 [faun/club[a satyr] (10)]
 10539 | Shoals:4 | HP: 55/234 [snapping turtle (6)]
 10643 | Shoals:4 | Reached skill level 8 in Dodging
 10689 | Shoals:4 | Identified the +0 pair of boots of the Manifold Demons {rPois rN+} (You acquired it on level 4 of the Shoals)
 10823 | Shoals:4 | Reached skill level 9 in Dodging
 10842 | Shoals:4 | HP: 36/156 [merfolk impaler/trident of protection (10)]
 11005 | Shoals:4 | HP: 29/158 [merfolk aquamancer/great wave of water (18)]
 11008 | Shoals:4 | Killed from afar by a merfolk aquamancer

Skill      XL: |  1  2  3  4  5  6  7  8  9 10 11 12 13 14 15 16 |
---------------+-------------------------------------------------+-----
Fighting       | 3 4 7 11 12 | 12.6
Armour         | 3 10 13 | 13.5
Axes           | 4 5 6 9 12 14 15 19 20 | 20.3
Dodging        | 3 6 9 |  9.0
Evocations     | 2 9 13 | 13.0

Action                   |  1- 3 |  4- 6 |  7- 9 | 10-12 | 13-15 | 16-18 || total
-------------------------+-------+-------+-------+-------+-------+-------++-------
Melee: Hand axe          |    39 |   149 |   219 |   567 |   523 |       ||  1497
       War axe           |       |       |    15 |       |       |       ||    15
       Whip              |       |       |       |    50 |    30 |       ||    80
       Battleaxe         |       |       |       |       |   667 |   197 ||   864
 Fire: Blowgun           |       |       |       |       |       |     3 ||     3
Throw: Javelin           |       |       |       |     4 |    13 |       ||    17
Invok: Berserk           |     3 |     5 |     7 |    18 |    32 |     4 ||    69
       Trog's Hand       |       |     2 |    16 |    30 |    75 |    17 ||   140
       Burn Spellbooks   |       |       |       |     1 |     2 |     1 ||     4
       Brothers in Arms  |       |       |       |       |     1 |       ||     1
 Abil: Device Recharging |       |       |     1 |     4 |     5 |     3 ||    13
       Evoke Blink       |       |       |       |       |     5 |       ||     5
       Evoke Invisibilit |       |       |       |       |       |     2 ||     2
Evoke: Wand              |     1 |     2 |     4 |    25 |    42 |    15 ||    89
       Phantom mirror    |       |       |       |     1 |       |       ||     1
       Sack of spiders   |       |       |       |     3 |     5 |       ||     8
       Box of beasts     |       |       |       |       |     1 |       ||     1
       Deck              |       |       |       |       |       |     1 ||     1
  Use: Scroll            |       |       |    11 |     8 |    21 |     9 ||    49
       Potion            |       |       |     2 |       |     8 |     2 ||    12
 Stab: Sleeping          |     2 |       |       |       |       |       ||     2
       Confused          |       |       |       |     2 |       |       ||     2
       Paralysed         |       |       |       |    18 |     7 |       ||    25
       Distracted        |       |       |       |     1 |     2 |     1 ||     4
       Held in net/web   |       |       |       |     1 |       |       ||     1
       Petrified         |       |       |       |       |     3 |       ||     3
       Petrifying        |       |       |       |       |     1 |       ||     1
       Invisible         |       |       |       |       |       |     4 ||     4
  Eat: Chunk             |       |     9 |    19 |    33 |    34 |     2 ||    97
       Pizza             |       |       |       |       |     3 |     1 ||     4
       Fruit             |       |       |       |       |     5 |       ||     5
       Meat ration       |       |       |       |       |     1 |       ||     1
       Bread ration      |       |       |       |       |     4 |     1 ||     5
Armor: Animal skin       |     1 |       |       |       |       |       ||     1
       Scale mail        |       |     2 |    22 |       |       |       ||    24
       Ring mail         |       |    45 |    55 |   253 |    67 |       ||   420
       Ice dragon armour |       |       |       |       |   760 |    71 ||   831
       Skin              |       |       |       |       |     3 |       ||     3
Dodge: Dodged            |    19 |   103 |   107 |   323 |   673 |    96 ||  1321

Vault maps used:
D:1:      lightli_arrival_quake, minmay_strange_pillars
D:2:      lemuel_round_altar, minmay_misc_feat_chi,
          nicolae_dithmenos_shadow_blocks, uniq_iyjb
D:3:      uniq_terence, uniq_natasha
D:4:      lemuel_crystal_altar, gammafunk_temple_overflow_elements,
          lemuel_temple_firewalk_marked, serial_shops, shop, trog_book
D:5:      first_bread
D:6:      overflow_temple_1_default, serial_co_window_serial, co_window_paths_a,
          co_window_paths_a, co_window_of_opportunity_a, co_window_paths_a,
          co_window_paths_a, co_window_broadway_a, co_window_unsneaky_path_e,
          co_window_of_opportunity_c, glass_columns_c, glass_columns_c,
          glass_columns_a, glass_columns_a
D:7:      lemuel_crystal_altar
D:8:      grunt_temple_overflow_cloverleaf, minmay_lair_entry_grove, uniq_pikel
Lair:2:   infiniplex_staircase_pool, uniq_erica
Lair:3:   nicolae_quartered_pool_little, lemuel_fruit_tree, grunt_megastairs_4,
          uniq_snorg, uniq_urug
Lair:4:   spider_nest_entry_web_field, lab_entry_generic,
          grunt_forest_large_clearing_hut, uniq_rupert
Lair:5:   minmay_shoals_entry_lonely_mermaid, special_room, grunt_megastairs_3
Lair:6:   minmay_slime_entry_jelly_boxes, kennysheep_basilisk_garden
Lair:7:   portal_ice_cave_entry_animals_and_master, zaba_anthell
Lair:8:   evilmike_catoblepas_cave, grunt_megastairs_1
Shoals:1: nicolae_shoals_stone_sculpture_thing, nicolae_shoals_mertower,
          uniq_aizul
Shoals:2: nicolae_shoals_siren_and_animal_friends
Shoals:3: serial_shops, nicolae_shop_waterfront, nicolae_shoals_hunting_party
Shoals:4: shoals_end_grunt_ice, shoals_ilsuiw_alternative, uniq_roxanne
Spider:1: nicolae_spider_mines_3, hangedman_spider_mandibles
Spider:4: spider_rune_water
Lab:      labyrinth_hidden_loot, nicolae_lab_diamond, labyrinth_glass_1,
          lab_block, nicolae_lab_grate, nicolae_lab_dead_end,
          nicolae_lab_flowing_pool, nicolae_lab_arrow, nicolae_lab_do_over
IceCv:    ice_cave_small_demon

Table legend:
 A = Turns spent in this place as a percentage of turns spent in the entire game.
 B = Non-inter-level travel turns spent in this place as a percentage of non-inter-level travel turns spent in the entire game.
 C = Inter-level travel turns spent in this place as a percentage of turns spent in this place.
 D = Turns resting spent in this place as a percentage of non-inter-level travel turns spent in this place.
 E = Turns spent auto-exploring this place as a percentage of non-inter-level travel turns spent in this place.
 F = Non-inter-level travel turns spent in this place divided by the number of levels of this place that you've seen.
                   A       B       C       D       E      F
               +-------+-------+-------+-------+-------+----------------------
         Total | 100.0 | 100.0 |   0.4 |   0.1 |   0.0 | 418.0
       Dungeon |  19.6 |  19.6 |   0.4 |   0.3 |   0.0 | 266.6
          Lair |  43.6 |  43.6 |   0.6 |   0.1 |   0.0 | 591.8
        Shoals |  16.7 |  16.8 |   0.1 |   0.0 |   0.0 | 456.2
   Spider Nest |  14.6 |  14.6 |   0.4 |   0.0 |   0.0 | 398.0
     Labyrinth |   1.5 |   1.5 |   0.0 |   0.0 |   0.0 | 163.0
      Ice Cave |   3.9 |   3.9 |   0.0 |   0.0 |   0.0 | 422.0
               +-------+-------+-------+-------+-------+----------------------

Table legend:
 A = Kills in this place as a percentage of kills in entire the game.
 B = Kills by you in this place as a percentage of kills by you in the entire game.
 C = Kills by friends in this place as a percentage of kills by friends in the entire game.
 D = Other kills in this place as a percentage of other kills in the entire game.
 E = Experience gained in this place as a percentage of experience gained in the entire game.
 F = Experience gained in this place divided by the number of levels of this place that you have seen.
                   A       B       C       D       E      F
               +-------+-------+-------+-------+-------+----------------------
         Total | 100.0 | 100.0 | 100.0 | 100.0 | 100.0 | 6681.9
       Dungeon |  18.7 |  19.2 |   0.0 |   0.0 |   2.5 | 534.6
          Lair |  50.9 |  50.4 |  71.4 | 100.0 |  46.1 | 10003.8
        Shoals |   9.9 |  10.0 |   7.1 |   0.0 |  23.4 | 10142.2
   Spider Nest |  15.6 |  15.5 |  21.4 |   0.0 |  24.6 | 10704.0
     Labyrinth |   0.8 |   0.8 |   0.0 |   0.0 |   0.7 | 1251.0
      Ice Cave |   4.1 |   4.2 |   0.0 |   0.0 |   2.8 | 4786.0
               +-------+-------+-------+-------+-------+----------------------
